 Dungeon Crawl Stone Soup version 0.25-a0-591-g2ad0d861f1 (webtiles) character file.

Game seed: 10027606044303230928, levelgen mode: deterministic

1189 Mgcat the Firebug (level 8, -4/68 HPs)
             Began as a Hill Orc Fire Elementalist on Mar 14, 2020.
             Was a Follower of Makhleb.
             Slain by an orc warrior
             ... wielding a +0 flail
              (17 damage)
             ... on level 6 of the Dungeon.
             The game lasted 00:17:04 (7704 turns).

Mgcat the Firebug (Hill Orc Fire Elementalist)      Turns: 7704, Time: 00:17:05

Health: -4/68      AC:  3    Str: 13    XL:     8   Next: 43%
Magic:  2/12       EV: 11    Int: 15    God:    Makhleb [*.....]
Gold:   449        SH:  2    Dex: 11    Spells: 9/13 levels left

rFire    . . .     SeeInvis .   u - +2 whip (freeze)
rCold    . . .     Gourm    .   (no shield)
rNeg     . . .     Faith    .   s - +0 leather armour
rPois    .         Spirit   .   (no helmet)
rElec    .         Reflect  +   (no cloak)
rCorr    .         Harm     .   (no gloves)
MR       .....                  (no boots)
Stlth    ++........             r - +2 amulet of reflection
HPRegen  0.21/turn              p - ring of stealth {Stlth+}
MPRegen  0.13/turn              (no ring)

@: lethally poisoned (-4 -> -5)
A: no striking features
a: Renounce Religion


You were on level 6 of the Dungeon.
You worshipped Makhleb.
Makhleb was aware of your devotion.
You were not hungry.

You visited 2 branches of the dungeon, and saw 7 of its levels.

You collected 449 gold pieces.

Inventory:

Hand Weapons
 u - a +2 whip of freezing (weapon)
   (You found it on level 3 of the Dungeon)
Armour
 s - a +0 leather armour (worn)
   (You found it on level 3 of the Dungeon)
Jewellery
 p - a ring of stealth (left hand) {Stlth+}
   (You found it on level 2 of the Dungeon)
 r - a +2 amulet of reflection (around neck)
   (You found it on level 5 of the Dungeon)
Wands
 a - a wand of random effects (22)
   (You found it on level 4 of the Dungeon)
Scrolls
 b - 4 scrolls of amnesia
 f - a scroll of remove curse
 g - a scroll of enchant armour {unknown}
 h - a scroll of enchant weapon {unknown}
 j - 3 scrolls of blinking {!r}
 k - 2 scrolls of fog {unknown}
 m - 3 scrolls of teleportation
 q - a scroll of magic mapping {unknown}
Potions
 d - 3 potions of might {unknown}
 e - 2 potions of flight
 i - a potion of berserk rage {unknown}
 l - 2 potions of ambrosia
 n - 3 potions of haste
 o - 4 potions of brilliance {unknown}
 t - a potion of curing
 v - a potion of lignification {unknown}
Comestibles
 c - 4 rations


   Skills:
 + Level 5.2 Fighting
 + Level 4.0 Maces & Flails
 - Level 1.5 Dodging
 - Level 1.5 Stealth
 - Level 3.2 Spellcasting
 - Level 3.6 Conjurations
 + Level 5.5 Fire Magic
 + Level 4.8 Invocations


You had 9 spell levels left.
You knew the following spells:

 Your Spells              Type           Power        Failure   Level  Hunger
a - Foxfire               Conj/Fire      ###.         3%          1    #......
b - Conjure Flame         Conj/Fire      ###.....     12%         3    ###....

Your spell library contained the following spells:

 Spells                   Type           Power        Failure   Level  Hunger
 Inner Flame              Hex/Fire       ##......     24%         3    ###....
 Animate Skeleton         Necr           N/A          26%         1    #......
 Apportation              Tloc           #.....       26%         1    #......
 Corona                   Hex            #......      26%         1    #......
 Summon Small Mammal      Summ           #...         26%         1    #......
 Sticky Flame             Conj/Fire      ###.....     36%         4    #####..
 Fireball                 Conj/Fire      ###.......   71%         5    ######.


Dungeon Overview and Level Annotations

Branches:
Dungeon (6/15)             Temple (1/1) D:4

Altars:
Ashenzari
Cheibriados
Dithmenos
Elyvilon
Fedhas
Gozag
Hepliaklqana
Kikubaaqudgha
Makhleb
Nemelex Xobeh
Qazlal
Ru
Sif Muna
Trog
Uskayaw
Vehumet
Wu Jian
Yredelemnul
Zin
The Shining One

Annotations:
D:4 exclusion: door
D:5 3 runed translucent doors, MisterFreud's ghost, amateur FeSk


Message History

The foxfire hits the worker ant.
The worker ant is almost dead.
The foxfire hits the orc warrior but does no damage.
The worker ant misses you.
The foxfire hits the orc warrior but does no damage.
You take 1 damage, and have 59/68 hp.
You now have 7/12 mp.
Warning x2: The orc warrior can hit for high damage!
The worker ant is fast and can poison!
Casting: Foxfire (safe; 3% risk of failure)
Confirm with . or Enter, or press ? or * to list all spells.
You conjure some foxfire!
You feel sick.
The foxfire hits the orc warrior but does no damage.
The worker ant closely misses you.
All of the chunks of flesh in your inventory have rotted away.
You take 1 damage, and have 58/68 hp.
You now have 6/12 mp.
Warning x2: The orc warrior can hit for high damage!
The worker ant is fast and can poison!
Casting: Foxfire (safe; 3% risk of failure)
Confirm with . or Enter, or press ? or * to list all spells.
You conjure some foxfire!
You feel sick.
The foxfire hits the orc warrior but does no damage. x2
The orc warrior hits you with a +0 flail!
The worker ant bites you.
You take 12 damage, and have 46/68 hp.
You now have 5/12 mp.
Warning x2: The orc warrior can hit for high damage!
The worker ant is fast and can poison!
Casting: Foxfire (safe; 3% risk of failure)
Confirm with . or Enter, or press ? or * to list all spells.
You conjure some foxfire!
The foxfire hits the orc warrior but does no damage.
The foxfire hits the orc warrior.
The orc warrior is lightly wounded.
The worker ant bites you.
The orc warrior hits you with a +0 flail!
You take 18 damage, and have 28/68 hp.
MASSIVE DAMAGE!!
Warning x2: The orc warrior can hit for high damage!
The worker ant is fast and can poison!
Casting: Foxfire (safe; 3% risk of failure)
Confirm with . or Enter, or press ? or * to list all spells.
You conjure some foxfire!
You feel sick.
The foxfire hits the orc warrior.
The orc warrior is lightly wounded.
The foxfire hits the orc warrior but does no damage.
The orc warrior is lightly wounded.
The worker ant barely misses you. The orc warrior barely misses you.
The worker ant barely misses you.
You take 1 damage, and have 27/68 hp.
You now have 4/12 mp.
Warning x2: The orc warrior can hit for high damage!
The worker ant is fast and can poison!
Casting: Foxfire (safe; 3% risk of failure)
Confirm with . or Enter, or press ? or * to list all spells.
You conjure some foxfire!
You feel sick.
The foxfire hits the orc warrior.
The orc warrior is moderately wounded.
The foxfire hits the orc warrior but does no damage.
The orc warrior is moderately wounded.
The worker ant closely misses you.
The orc warrior hits you with a +0 flail.
You take 5 damage, and have 22/68 hp.
You now have 3/12 mp.
Warning x2: The orc warrior can hit for high damage!
The worker ant is fast and can poison!
Casting: Foxfire (safe; 3% risk of failure)
Confirm with . or Enter, or press ? or * to list all spells.
You conjure some foxfire!
The foxfire hits the orc warrior but does no damage.
The orc warrior is moderately wounded.
The foxfire hits the orc warrior but does no damage.
The orc warrior is moderately wounded.
The worker ant closely misses you.
You now have 2/12 mp.
Warning x2: The orc warrior can hit for high damage!
The worker ant is fast and can poison!
Casting: Foxfire (safe; 3% risk of failure)
Confirm with . or Enter, or press ? or * to list all spells.
You conjure some foxfire!
You feel sick.
The foxfire hits the orc warrior.
The orc warrior is moderately wounded.
The foxfire hits the orc warrior but does no damage.
The orc warrior is moderately wounded.
The orc warrior hits you with a +0 flail.
* * * LOW HITPOINT WARNING * * *
The worker ant bites you but does no damage.
You take 5 damage, and have 17/68 hp.
You now have 1/12 mp.
Warning x2: The orc warrior can hit for high damage!
The worker ant is fast and can poison!
Your foxfire dissipates!
The foxfire hits the orc warrior but does no damage.
The orc warrior is moderately wounded.
Warning x2: The orc warrior can hit for high damage!
The worker ant is fast and can poison!
The worker ant barely misses you.
Warning x2: The orc warrior can hit for high damage!
The worker ant is fast and can poison!
You feel sick.
You see here a +0 dagger.
You take 1 damage, and have 16/68 hp.
Warning x2: The orc warrior can hit for high damage!
The worker ant is fast and can poison!
Warning x2: The orc warrior can hit for high damage!
The worker ant is fast and can poison!
You feel sick.
Warning x2: The orc warrior can hit for high damage!
The worker ant is fast and can poison!
The worker ant bites you.
* * * LOW HITPOINT WARNING * * *
You take 3 damage, and have 13/68 hp.
Warning x2: The worker ant is fast and can poison!
The orc warrior can hit for high damage!
The worker ant barely misses you.
Warning x2: The worker ant is fast and can poison!
The orc warrior can hit for high damage!
You feel sick.
There is a stone staircase leading up here.
You take 1 damage, and have 12/68 hp.
Warning x2: The worker ant is fast and can poison!
The orc warrior can hit for high damage!
Warning x2: The worker ant is fast and can poison!
The orc warrior can hit for high damage!
The orc warrior hits you with a +0 flail!
You die...

#........ ### #.####### ....
#/#...... ....# #.#.#..## ....#
#.#o#..# ....# #o#.#.o#
....###+###### #.#)#..##
.............# ### #.#.#.<..
.............# #@# #.#.#####
.............###o########.#......
................a.>...........###
.....................##..........
########..###........##.#...#.###
##.###.....)..##.#...#.#
#..##........##.#.###.#
#...............#.# #.# ##
#...............#.###.#


You could see an orc warrior and a worker ant.

Vanquished Creatures
  2 ice beasts
  An ogre (D:6)
  A necrophage (D:6)
  A bullfrog (D:6)
  2 scorpions
  2 crimson imps
  A quasit (D:5)
  2 orc wizards
  A jelly (D:6)
  A hound (D:6)
  5 iguanas
  Natasha (twice) (D:4)
  A worker ant (D:4)
  A worker ant zombie (D:5)
  9 adders
  3 gnolls (D:2)
  An adder skeleton (D:4)
  An adder zombie (D:6)
  3 worms
  2 dart slugs
  6 leopard geckos
  13 orcs
  2 ball pythons
  5 giant cockroaches
  10 goblins
  5 hobgoblins
  9 jackals
  3 quokkas
  10 bats
  7 frilled lizards
  5 kobolds
  A leopard gecko skeleton (D:4)
  9 rats
127 creatures vanquished.

Vanquished Creatures (others)
  427 foxfires
427 creatures vanquished.

Grand Total: 554 creatures vanquished

Notes
Turn   | Place    | Note
-------+----------+-------------------------------------------
     0 | D:1      | Mgcat the Hill Orc Fire Elementalist began the quest for
                  | the Orb.
     0 | D:1      | Reached XP level 1. HP: 14/14 MP: 3/3
   103 | D:1      | HP: 2/14 [leopard gecko (3)]
   434 | D:1      | Reached XP level 2. HP: 20/20 MP: 1/4
   884 | D:1      | Reached skill level 2 in Spellcasting
   912 | D:1      | You fall into a shaft and drop 1 floor!
   939 | D:2      | Reached XP level 3. HP: 23/26 MP: 4/6
  1028 | D:2      | Reached skill level 2 in Conjurations
  1373 | D:2      | Reached skill level 4 in Fire Magic
  1401 | D:2      | Reached XP level 4. HP: 12/33 MP: 1/7
  2006 | D:3      | Found a white marble altar of Elyvilon.
  2008 | D:3      | Found a shadowy altar of Dithmenos.
  2009 | D:3      | Found an opulent altar of Gozag.
  2310 | D:3      | Reached XP level 5. HP: 38/38 MP: 4/8
  2637 | D:3      | Reached skill level 3 in Conjurations
  3216 | D:4      | Found a staircase to the Ecumenical Temple.
  3235 | Temple   | Entered the Ecumenical Temple
  3341 | Temple   | Became a worshipper of Makhleb the Destroyer
  3389 | D:4      | Noticed a phantom
  3415 | D:4      | Reached skill level 3 in Spellcasting
  3415 | D:4      | Reached XP level 6. HP: 45/45 MP: 4/10
  3472 | D:4      | Reached skill level 5 in Fire Magic
  3886 | D:4      | Noticed Natasha
  3891 | D:4      | Killed Natasha
  3891 | D:4      | Reached skill level 1 in Fighting
  4103 | D:4      | Reached skill level 2 in Fighting
  4139 | D:4      | Found a sacrificial altar of Ru.
  4227 | D:4      | Noticed Natasha
  4235 | D:4      | Killed Natasha
  4380 | D:5      | Entered Level 5 of the Dungeon
  4784 | D:5      | Reached XP level 7. HP: 52/56 MP: 7/11
  4898 | D:5      | Reached skill level 3 in Fighting
  4898 | D:5      | Reached skill level 1 in Maces & Flails
  4898 | D:5      | Reached skill level 1 in Invocations
  5139 | D:5      | HP: 10/57 [scorpion (7)]
  5140 | D:5      | Reached * piety under Makhleb
  5140 | D:5      | Reached skill level 2 in Invocations
  5434 | D:5      | Found a blossoming altar of Fedhas.
  5560 | D:5      | Reached skill level 2 in Maces & Flails
  5680 | D:5      | Found a runed translucent gate.
  5680 | D:5      | Found a runed translucent gate.
  5680 | D:5      | Found a runed translucent gate.
  6173 | D:5      | Noticed MisterFreud's ghost (amateur FeSk)
  6259 | D:6      | Reached skill level 4 in Fighting
  6259 | D:6      | Reached skill level 3 in Invocations
  6295 | D:6      | Reached skill level 3 in Maces & Flails
  6449 | D:6      | Reached XP level 8. HP: 67/67 MP: 5/12
  6581 | D:5      | Reached skill level 4 in Invocations
  6859 | D:6      | Found a stormy altar of Qazlal.
  7054 | D:6      | Learned a level 3 spell: Conjure Flame
  7208 | D:6      | Reached skill level 5 in Fighting
  7337 | D:6      | Reached skill level 4 in Maces & Flails
  7663 | D:6      | Found a hide-covered altar of Uskayaw.
  7664 | D:6      | Found an ornate altar of the Wu Jian Council.
  7664 | D:6      | Found a glowing silver altar of Zin.
  7665 | D:6      | Found a stormy altar of Qazlal.
  7695 | D:6      | HP: 17/68 [orc warrior/+0 flail (5)]
  7700 | D:6      | HP: 16/68 [poisoned by a worker ant]
  7704 | D:6      | Slain by an orc warrior

Levels and vault maps discovered:
D:1:      nicolae_arrival_memento_mori, layout_basic
D:2:      layout_rooms, first_ration, minmay_randomly_rotated_circles
D:3:      layout_rooms, grunt_temple_overflow_open, kennysheep_generic_room_2
D:4:      layout_gridville, lemuel_coloured_pillars_altar,
          minmay_temple_entry_glass, chequers_mini_garden, uniq_natasha
D:5:      layout_layer_cave, gammafunk_ghost_icy, fedhas_altar_2
D:6:      layout_basic, chequers_temple_overflow_statue_of_worship, basic_altar
Temple:   nicolae_temple_hex_pool

Skill      XL: |  1  2  3  4  5  6  7  8 |
---------------+-------------------------+-----
Spellcasting   | 2 3 |  3.2
Conjurations   | 2 3 |  3.6
Fire Magic     | 4 5 |  5.5
Fighting       | 2 4 5 |  5.2
Maces & Flails | 3 4 |  4.0
Invocations    | 3 4 |  4.8
Dodging        | |  1.5
Stealth        | |  1.5

Action                   |  1- 3 |  4- 6 |  7- 9 || total
-------------------------+-------+-------+-------++-------
Melee: Dagger            |     4 |       |       ||     4
       Spear             |       |    37 |       ||    37
       Whip              |       |    75 |    55 ||   130
 Cast: Foxfire           |    57 |   101 |   110 ||   268
Evoke: Wand              |       |     4 |       ||     4
  Use: Scroll            |       |    10 |       ||    10
       Potion            |       |       |     1 ||     1
 Stab: Sleeping          |       |     2 |     2 ||     4
  Eat: Chunk             |     2 |    11 |     3 ||    16
       Ration            |       |       |     2 ||     2
Armor: Robe              |    10 |     1 |       ||    11
       Leather armour    |       |    31 |    19 ||    50
Dodge: Dodged            |    24 |    64 |    64 ||   152
Block: Other             |       |       |     6 ||     6

Table legend:
 A = Non-vault XP
 B = Vault XP
 C = Vault XP percentage of total XP
 D = Non-vault monster count
 E = Vault monster count
 F = Vault count percentage of total count
                 A         B        C        D         E       F
            +---------+---------+-------+---------+---------+-------
      Total |    1627 |      72 |   4.2 |     118 |       9 |   7.1
            +---------+---------+-------+---------+---------+-------
        D:1 |      32 |       0 |   0.0 |      20 |       0 |   0.0
        D:2 |      80 |      23 |  22.3 |      17 |       6 |  26.1
        D:3 |     153 |      14 |   8.4 |      31 |       2 |   6.1
        D:4 |     234 |      35 |  13.0 |      16 |       1 |   5.9
        D:5 |     419 |       0 |   0.0 |      17 |       0 |   0.0
        D:6 |     709 |       0 |   0.0 |      17 |       0 |   0.0
            +---------+---------+-------+---------+---------+-------

Levels and vault maps discovered:
D:1:      nicolae_arrival_memento_mori, layout_basic
D:2:      layout_rooms, first_ration, minmay_randomly_rotated_circles
D:3:      layout_rooms, grunt_temple_overflow_open, kennysheep_generic_room_2
D:4:      layout_gridville, lemuel_coloured_pillars_altar,
          minmay_temple_entry_glass, chequers_mini_garden, uniq_natasha
D:5:      layout_layer_cave, gammafunk_ghost_icy, fedhas_altar_2
D:6:      layout_basic, chequers_temple_overflow_statue_of_worship, basic_altar
Temple:   nicolae_temple_hex_pool

Table legend:
 A = Turns spent in this place as a percentage of turns spent in the entire game.
 B = Non-inter-level travel turns spent in this place as a percentage of non-inter-level travel turns spent in the entire game.
 C = Inter-level travel turns spent in this place as a percentage of turns spent in this place.
 D = Turns resting spent in this place as a percentage of non-inter-level travel turns spent in this place.
 E = Turns spent auto-exploring this place as a percentage of non-inter-level travel turns spent in this place.
 F = Non-inter-level travel turns spent in this place divided by the number of levels of this place that you've seen.
                   A       B       C       D       E      F
               +-------+-------+-------+-------+-------+----------------------
         Total | 100.0 | 100.0 |   3.6 |  28.8 |  52.5 | 1060.9
       Dungeon |  98.4 |  98.4 |   3.7 |  29.3 |  52.3 | 1217.3
        Temple |   1.6 |   1.6 |   0.0 |   0.0 |  61.5 | 122.0
               +-------+-------+-------+-------+-------+----------------------

Table legend:
 A = Kills in this place as a percentage of kills in entire the game.
 B = Kills by you in this place as a percentage of kills by you in the entire game.
 C = Kills by friends in this place as a percentage of kills by friends in the entire game.
 D = Other kills in this place as a percentage of other kills in the entire game.
 E = Experience gained in this place as a percentage of experience gained in the entire game.
 F = Experience gained in this place divided by the number of levels of this place that you have seen.
                   A       B       C       D       E      F
               +-------+-------+-------+-------+-------+----------------------
         Total | 100.0 | 100.0 |   N/A |   N/A | 100.0 | 242.7
       Dungeon | 100.0 | 100.0 |   N/A |   N/A | 100.0 | 283.2
               +-------+-------+-------+-------+-------+----------------------
